 Dungeon Crawl Stone Soup version 0.21-a0-84-g85d6d27 (webtiles) character file.

120 zxpr0jk the Ducker (level 4, 0/34 HPs)
             Began as a Vampire Gladiator on June 26, 2017.
             Killed from afar by an orc wizard (7 damage)
             ... with a magic dart
             ... on level 4 of the Dungeon.
             The game lasted 00:03:52 (1659 turns).

zxpr0jk the Ducker (Vampire Gladiator)              Turns: 1659, Time: 00:03:54

Health: 0/34       AC:  3    Str: 14    XL:     4   Next: 75%
Magic:  4/4        EV: 14    Int: 18    God:
Gold:   64         SH:  0    Dex: 15    Spells: 3/3 levels left

rFire    . . .     SeeInvis +   a - +0 long sword
rCold    + . .     Gourm    .   (no shield)
rNeg     + + .     Faith    .   x - +0 robe {MR+}
rPois    +         Spirit   .   c - +0 helmet
rElec    .         Reflect  .   (no cloak)
rCorr    .         Harm     .   (no gloves)
MR       +....                  (no boots)
Stlth    ++........             (no amulet)
HPRegen  0.05/turn              v - +4 ring of intelligence
MPRegen  0.09/turn              b - +4 ring of intelligence

@: regenerating slowly
A: fangs 3, see invisible, unbreathing
a: Bat Form


You were on level 4 of the Dungeon.
You were very thirsty.

You visited 1 branch of the dungeon, and saw 4 of its levels.

You collected 64 gold pieces.

Inventory:

Hand Weapons
 a - a +0 long sword (weapon)
Armour
 c - a +0 helmet (worn)
 x - a +0 robe of magic resistance (worn)
Jewellery
 b - a +4 ring of intelligence (right hand)
 j - an uncursed ring of protection from fire
 l - an uncursed ring of resist corrosion
 s - an uncursed amulet of faith
 v - a +4 ring of intelligence (left hand)
Scrolls
 f - 2 scrolls of teleportation {unknown}
 h - 2 scrolls of identify {unknown}
 m - 2 scrolls of remove curse {unknown}
 n - a scroll of magic mapping {unknown}
 p - a scroll of enchant weapon {unknown}
 t - a scroll of random uselessness {unknown}
 u - a scroll of fog {unknown}
Potions
 e - a potion of blood
 g - 2 potions of invisibility {unknown}
 i - 4 potions of lignification {unknown}
 o - a potion of magic {unknown}
 q - a potion of flight {unknown}
 r - a potion of heal wounds {unknown}
 w - a potion of agility {unknown}


   Skills:
 - Level 2.7 Fighting
 - Level 3.8 Long Blades
 - Level 2.4 Throwing
 + Level 4.1 Dodging


You had 3 spell levels left.
You didn't know any spells.

Dungeon Overview and Level Annotations

Branches:
Dungeon (4/15)
 Temple: D:4-7

Altars:
Elyvilon
Fedhas
Gozag
Wu Jian


Innate Abilities, Weirdness & Mutations

You heal slowly.
You have razor-sharp teeth.
You have supernaturally acute eyesight. (SInv)
You can survive without breathing.


Message History

You closely miss the orc wizard. The orc wizard closely misses you.
You closely miss the orc wizard. The orc wizard hits you with a dagger.
* * * LOW HITPOINT WARNING * * *
The orc wizard hits you but does no damage.
You closely miss the orc wizard. The orc wizard barely misses you.
The orc wizard casts a spell at you. You resist with almost no effort.
Throwing (i - inventory):
d - a throwing net (quivered)
Press: ? - help, Shift-Dir - straight line, f - orc wizard
Aim: an orc wizard, wielding a dagger and wearing a robe You throw a throwing net.
The throwing net closely misses the orc wizard.
The orc wizard closely misses you.
You miss the orc wizard.
You bite the orc wizard, but do no damage.
The orc wizard hits you with a dagger.
* * * LOW HITPOINT WARNING * * *
The orc wizard gestures at you while chanting.
The magic dart hits you!
You die...

##### #.#### ....# .#
#..... ###.# #. ### .#
###### #.# #. ..###.#
#)# #####.##.....##
#.#####...#.#.......#
#.#.....##..#._.....##
#.#.##...............#
#.#.#.........o@o.._.#
#...#......#.........#
####..................##
.....##......##..._...#
#####
###..##.#...####....###
#.... #..#..##.## #.#..#
..... ###..#..##.#
#...## #.###
.....#..##.# ###.#
##...#..##.# .#


You could see 2 orc wizards.

Vanquished Creatures
  A centaur skeleton (D:4)
  3 adders (D:2)
  A gnoll (D:1)
  A worm (D:4)
  3 leopard geckos
  An orc (D:4)
  2 giant cockroaches
  4 hobgoblins
  2 jackals (D:1)
  7 kobolds
  A quokka (D:2)
  A ball python (D:2)
  7 bats
  4 frilled lizards
  5 goblins
  11 rats
54 creatures vanquished.

Notes
Turn   | Place    | Note
-------+----------+-------------------------------------------
     0 | D:1      | zxpr0jk the Vampire Gladiator began the quest for the Orb.
     0 | D:1      | Reached XP level 1. HP: 16/16 MP: 1/1
    31 | D:1      | Reached XP level 2. HP: 9/22 MP: 2/2
   590 | D:1      | Reached XP level 3. HP: 27/27 MP: 3/3
  1134 | D:2      | Reached XP level 4. HP: 34/34 MP: 4/4
  1145 | D:2      | Found a white marble altar of Elyvilon.
  1443 | D:2      | You fall through a shaft for 2 floors!
  1455 | D:4      | Reached skill level 4 in Dodging
  1643 | D:4      | Found a blossoming altar of Fedhas.
  1647 | D:4      | Found an opulent altar of Gozag.
  1648 | D:4      | Found an ornate altar of the Wu Jian Council.
  1659 | D:4      | Killed from afar by an orc wizard

Vault maps used:
D:1:      minmay_arrival_three_doors, kennysheep_minor_cross, minmay_tromino_i2
D:2:      elyvilon_altar_3, minmay_misc_feat_square, minmay_crystal_water
D:4:      grunt_temple_overflow_open, overflow_temple_1_default

Skill      XL: |  1  2  3  4 |
---------------+-------------+-----
Fighting       | 2 |  2.7
Throwing       | 2 |  2.4
Dodging        | 4 |  4.1
Long Blades    | |  3.8

Action                   |  1- 3 |  4- 6 || total
-------------------------+-------+-------++-------
Melee: Long sword        |    93 |    45 ||   138
       Bite              |     8 |     5 ||    13
Throw: Throwing net      |     5 |     1 ||     6
 Stab: Held in net/web   |     1 |       ||     1
  Eat: Corpse            |     1 |       ||     1
Armor: Leather armour    |    13 |       ||    13
       Ring mail         |    28 |    10 ||    38
Dodge: Dodged            |    82 |    33 ||   115
       Rpst.: Long sword |    19 |     7 ||    26
